 Dungeon Sprint DCSS version 0.24-a0-539-g6aae15e (webtiles) character file.

Game seed: 17393203952311203327

156 Faca the Magician (level 5, -16/42 HPs)
             Began as a Gnoll Venom Mage on Aug 17, 2019.
             Was a Follower of Sif Muna.
             Demolished by a two-headed ogre
             ... wielding a +0 giant spiked club
              (25 damage)
             ... in the Dungeon (Sprint V: "Ziggurat Sprint") on Aug 18, 2019.
             The game lasted 00:02:47 (328 turns).

Faca the Magician (Gnoll Venom Mage)                 Turns: 328, Time: 00:02:48

Health: -16/42     AC:  2    Str: 10    XL:     5   Next: 37%
Magic:  13/13      EV: 16    Int: 30    God:    Sif Muna [*.....]
Gold:   0          SH:  8    Dex: 16    Spells: 15/16 levels left

rFire    . . .     SeeInvis .   G - staff of energy
rCold    . . .     Gourm    .   b - +3 buckler
rNeg     . . .     Faith    .   a - +0 robe
rPois    .         Spirit   .   (no helmet)
rElec    .         Reflect  .   (no cloak)
rCorr    .         Harm     .   (no gloves)
MR       .....     NoTele   +   (no boots)
Stlth    +++.......             (no amulet)
HPRegen  0.14/turn              D - +6 ring of intelligence
MPRegen  0.13/turn              C - +6 ring of intelligence

@: no status effects
A: distributed training, fangs 1, strong nose
a: Channel Magic, Renounce Religion


You were in the Dungeon.
You worshipped Sif Muna.
Sif Muna was aware of your devotion.
You were not hungry.

You visited 1 branch

Inventory:

Hand Weapons
 t - the +8 lance "Wyrmbane" {slay drac, rPois rF+ rC+ AC+3}
   (You found it in the Dungeon)

   It affects your AC (+3).
   It protects you from fire.
   It protects you from cold.
   It protects you from poison.
Armour
 a - a +0 robe (worn)
 b - a +3 buckler (worn)
 j - a +3 shield
Magical Staves
 G - an uncursed staff of energy (weapon)
Jewellery
 z - an uncursed ring of flight
 A - a +6 ring of dexterity
 B - a +6 ring of dexterity
 C - a +6 ring of intelligence (right hand)
 D - a +6 ring of intelligence (left hand)
 E - a +6 ring of strength
 F - a +6 ring of strength
 I - an uncursed ring of protection from fire
Wands
 w - a wand of disintegration (7)
 x - a wand of iceblast (7)
 y - a wand of acid (7)
Scrolls
 i - 4 scrolls of blinking
 k - 4 scrolls of amnesia
 l - 7 scrolls of fog
 m - a scroll of holy word
 n - 5 scrolls of identify
 o - 5 scrolls of remove curse
 p - 2 scrolls of fear
Potions
 d - 10 potions of curing
 e - 9 potions of heal wounds
 f - 6 potions of haste
 g - 6 potions of magic
 h - 3 potions of berserk rage
 q - 2 potions of brilliance
 r - 2 potions of invisibility
 s - 4 potions of resistance
 u - 5 potions of agility
 v - 5 potions of might
Miscellaneous
 H - a crystal ball of energy
Comestibles
 c - 7 rations


   Skills:
 + Level 3.9 Fighting
 + Level 3.9 Short Blades
 + Level 3.9 Long Blades
 + Level 3.9 Axes
 + Level 3.9 Maces & Flails
 + Level 3.9 Polearms
 + Level 3.9 Staves
 + Level 3.9 Slings
 + Level 3.9 Bows
 + Level 3.9 Crossbows
 + Level 3.9 Throwing
 + Level 3.9 Armour
 + Level 6.1 Dodging
 + Level 5.8 Stealth
 + Level 3.9 Shields
 + Level 3.9 Unarmed Combat
 + Level 6.4 Spellcasting
 + Level 3.9 Conjurations
 + Level 3.2 Hexes
 + Level 3.2 Charms
 + Level 3.2 Summonings
 + Level 3.2 Necromancy
 + Level 3.2 Translocations
 + Level 3.2 Transmutations
 + Level 3.2 Fire Magic
 + Level 3.2 Ice Magic
 + Level 3.2 Air Magic
 + Level 3.2 Earth Magic
 + Level 6.4 Poison Magic
 + Level 4.2 Invocations
 + Level 3.9 Evocations


You had 15 spell levels left.
You knew the following spells:

 Your Spells              Type           Power        Failure   Level  Hunger
a - Sting                 Conj/Pois      ####         1%          1    None

Your spell library contained the following spells:

 Spells                   Type           Power        Failure   Level  Hunger
 Poisonous Vapours        Pois/Air       #####.       1%          2    None
 Mephitic Cloud           Conj/Pois/Air  #####...     2%          3    None
 Olgreb's Toxic Radiance  Pois           #####...     3%          4    None
 Venom Bolt               Conj/Pois      #####.....   17%         5    None
 Irradiate                Conj/Tmut      ####......   32%         5    None
 Hydra Form               Tmut           ####......   91%         6    None
 Statue Form              Tmut/Erth      ####.....    91%         6    None
 Dragon Form              Tmut           ####......   100%        7    None


Dungeon Overview and Level Annotations

Branches:
Dungeon (1/1)

Altars:
Ashenzari
Cheibriados
Dithmenos
Elyvilon
Fedhas
Gozag
Hepliaklqana
Kikubaaqudgha
Makhleb
Nemelex Xobeh
Okawaru
Qazlal
Ru
Sif Muna
Trog
Uskayaw
Vehumet
Wu Jian
Xom
Yredelemnul
Zin
The Shining One
Beogh
Jiyva
Lugonu

Annotations:
D 1 transporter


Innate Abilities, Weirdness & Mutations

Your experience applies equally to all skills.
You have very sharp teeth.
Your uncanny sense of smell can sniff out nearby items.


Message History

Wield which item (- for none, * to show all)? (? for menu, Esc to quit)
G - an uncursed staff of energy (weapon)
There is a transporter here.
Welcome to arena 3.
You enter the transporter and appear at another place.
An ogre and 3 two-headed ogres come into view.
The two-headed ogre shouts in stereo! x2; The ogre shouts!
Found four items.
Found a transporter.
Memorise Mephitic Cloud, consuming 3 spell levels and leaving 12?
You start memorising the spell.
You continue memorising.
The two-headed ogre shouts in stereo!
You continue memorising. x2
The two-headed ogre closely misses you.
The two-headed ogre hits you with a +0 giant club!
Your memorisation is interrupted.
The two-headed ogre hits you with a +0 giant spiked club!!
* * * LOW HITPOINT WARNING * * *
The two-headed ogre hits you with a +0 giant spiked club!!
Ouch! That really hurt!
You die...

▓▓▓▓▓▓▓▓▓▓▓▓▓▓▓▓▓▓▓
▓.8©8.▓.8©8.▓.8©8.▓
∆
▓.))}.▓..[[.▓.....▓
∆
▓.."..▓.....▓.|...▓
▓.OO..▓.....▓.....▓
▓.....▓.....▓.))..▓
▓..OO.▓.....▓..©..▓
▓..@..▓..©..▓▓▓▓▓▓▓
▓▓▓▓▓▓▓▓▓▓▓▓▓ ∆∆∆
∆∆∆ ∆ ∆ ∆ ∆


You could see 3 two-headed ogres and an ogre.

Vanquished Creatures
  A hell hound (D)
  An orc wizard (D)
  A shadow imp (D)
  An ufetubus (D)
  An orc (D)
5 creatures vanquished.

Notes
Turn   | Place    | Note
-------+----------+-------------------------------------------
     0 | D        | Faca the Gnoll Venom Mage began the quest for the Orb.
     0 | D        | Reached XP level 1. HP: 13/13 MP: 6/6
     0 | D        | Found a blossoming altar of Fedhas.
     1 | D        | Found the +6 Majin-Bo {vamp, Archmagi MP+6 Int+6}
     1 | D        | Found the +7 great mace "Firestarter" {inner flame, rF++}
     5 | D        | Found a transporter.
     5 | D        | Found a viscous altar of Jiyva.
     5 | D        | Found an ancient bone altar of Kikubaaqudgha.
     5 | D        | Found a hazy altar of Hepliaklqana.
     5 | D        | Found a corrupted altar of Lugonu.
     5 | D        | Found an opulent altar of Gozag.
     5 | D        | Found a burning altar of Makhleb.
     6 | D        | Found a sacrificial altar of Ru.
     6 | D        | Found a stormy altar of Qazlal.
     6 | D        | Found a shimmering blue altar of Sif Muna.
     6 | D        | Found an iron altar of Okawaru.
     6 | D        | Found a bloodstained altar of Trog.
     6 | D        | Found a sparkling altar of Nemelex Xobeh.
    32 | D        | Found the +9 heavy crossbow "Sniper" {velocity, Acc+∞ SInv}
    32 | D        | Found the +10 dark maul {crush}
    32 | D        | Found the +15 Maxwell's patent armour {-Cast -Tele rElec
                  | MR+ rCorr}
    32 | D        | Found the +18 shield of the Gong {rElec rN+ MR+ EV-5}
    32 | D        | Found the cursed +14 obsidian axe {chop, +Fly SInv *Curse}
    34 | D        | Reached skill level 5 in Dodging
    34 | D        | Reached skill level 5 in Spellcasting
    34 | D        | Reached skill level 1 in Hexes
    34 | D        | Reached skill level 1 in Charms
    34 | D        | Reached skill level 1 in Summonings
    34 | D        | Reached skill level 1 in Necromancy
    34 | D        | Reached skill level 1 in Translocations
    34 | D        | Reached skill level 1 in Transmutations
    34 | D        | Reached skill level 1 in Fire Magic
    34 | D        | Reached skill level 1 in Ice Magic
    34 | D        | Reached skill level 1 in Air Magic
    34 | D        | Reached skill level 1 in Earth Magic
    34 | D        | Reached XP level 2. HP: 22/22 MP: 6/8
    67 | D        | Became a worshipper of Sif Muna the Loreminder
    80 | D        | Found the +6 shillelagh "Devastator" {shatter}
    80 | D        | Found the +11 plutonium sword {*Contam Stlth-}
    80 | D        | Found the +8 lance "Wyrmbane" {slay drac, rPois rF+ rC+
                  | AC+3}
    80 | D        | Found the +9 sword of Zonguldrok {reap}
    80 | D        | Found the cursed +13 scythe of Curses {drain, *Curse}
    80 | D        | Found the +0 sword of Power
    80 | D        | Found the +7 mace of Variability {chain chaos}
    80 | D        | Found the +7 Singing Sword {slice, sonic wave}
    80 | D        | Found the +8 storm bow {elec, penet}
    85 | D        | Entered arena 2.
    85 | D        | Found a transporter.
    92 | D        | Reached skill level 5 in Stealth
    92 | D        | Reached XP level 3. HP: 28/28 MP: 6/10
   122 | D        | Entered arena 3.
   122 | D        | Noticed a hell hound
   122 | D        | Found a transporter.
   131 | D        | HP: 1/28 [hell hound/blast of flame (8)]
   138 | D        | Killed a hell hound
   138 | D        | Reached * piety under Sif Muna
   138 | D        | Reached XP level 4. HP: 16/37 MP: 12/12
   138 | D        | Reached XP level 5. HP: 19/42 MP: 13/13
   324 | D        | Entered arena 4.
   324 | D        | Noticed an ogre
   324 | D        | Noticed a two-headed ogre
   324 | D        | Noticed a two-headed ogre
   324 | D        | Noticed a two-headed ogre
   324 | D        | Found a transporter.
   328 | D        | Demolished by a two-headed ogre

Levels and vault maps discovered:
D:        sprint_v [room_start, room_1, room_2, room_3, room_4, room_5, room_6,
          room_7, room_8, room_9, room_10, room_11, room_12, room_13, room_14,
          room_15, room_16, room_17, room_18, room_19, room_20, room_21,
          room_22, room_23, room_24, room_25, room_26, room_27]

Skill      XL: |  1  2  3 |
---------------+----------+-----
Fighting       | 2 3 |  3.9
Short Blades   | 2 3 |  3.9
Long Blades    | 2 3 |  3.9
Axes           | 2 3 |  3.9
Maces & Flails | 2 3 |  3.9
Polearms       | 2 3 |  3.9
Staves         | 2 3 |  3.9
Slings         | 2 3 |  3.9
Bows           | 2 3 |  3.9
Crossbows      | 2 3 |  3.9
Throwing       | 2 3 |  3.9
Armour         | 2 3 |  3.9
Dodging        | 5 6 |  6.1
Shields        | 2 3 |  3.9
Unarmed Combat | 2 3 |  3.9
Spellcasting   | 5 6 |  6.4
Conjurations   | 2 3 |  3.9
Hexes          | 1 2 3 |  3.2
Charms         | 1 2 3 |  3.2
Summonings     | 1 2 3 |  3.2
Necromancy     | 1 2 3 |  3.2
Translocations | 1 2 3 |  3.2
Transmutations | 1 2 3 |  3.2
Fire Magic     | 1 2 3 |  3.2
Ice Magic      | 1 2 3 |  3.2
Air Magic      | 1 2 3 |  3.2
Earth Magic    | 1 2 3 |  3.2
Invocations    | 2 3 4 |  4.2
Evocations     | 2 3 |  3.9
Stealth        | 5 |  5.8
Poison Magic   | 6 |  6.4

Action                   |  1- 3 |  4- 6 || total
-------------------------+-------+-------++-------
Melee: Lance             |    16 |     3 ||    19
       Bite              |     2 |       ||     2
 Cast: Sting             |     5 |       ||     5
  Use: Potion            |     3 |       ||     3
Armor: Robe              |     8 |     1 ||     9
Dodge: Dodged            |    36 |     8 ||    44
Block: Buckler           |    13 |       ||    13

Table legend:
 A = Non-vault XP
 B = Vault XP
 C = Vault XP percentage of total XP
 D = Non-vault monster count
 E = Vault monster count
 F = Vault count percentage of total count
                 A         B        C        D         E       F
            +---------+---------+-------+---------+---------+-------
      Total |       0 |     213 | 100.0 |       0 |       5 | 100.0
            +---------+---------+-------+---------+---------+-------
          D |       0 |     213 | 100.0 |       0 |       5 | 100.0
            +---------+---------+-------+---------+---------+-------
